 Dungeon Crawl Stone Soup version 0.26-a0-651-gb41185065b (webtiles) character file.

Game seed: 325220439431403206

56 kae the Ruffian (level 3, 0/31 HPs)
             Began as a Naga Transmuter on Oct 29, 2020.
             Slain by a centaur (3 damage)
             ... on level 2 of the Dungeon.
             The game lasted 00:01:19 (2271 turns).

kae the Ruffian (Naga Transmuter)                   Turns: 2271, Time: 00:01:20

Health: 0/31       AC:  2    Str: 13    XL:     3   Next: 97%
Magic:  0/6        EV: 19    Int: 13    God:
Gold:   40         SH:  0    Dex: 16    Spells: 2/6 levels left

rFire    . . .     SeeInvis +     - Unarmed
rCold    . . .     Faith    .   (shield currently unavailable)
rNeg     . . .     Spirit   .   (armour currently unavailable)
rPois    x         Reflect  .   (helmet currently unavailable)
rElec    .         Harm     .   (cloak currently unavailable)
rCorr    .         Rampage  .   (gloves currently unavailable)
MR       .....                  (no barding)
Stlth    +.........             (no amulet)
HPRegen  0.10/turn              (no ring)
MPRegen  0.10/turn              (no ring)

@: spider-form, very slightly contaminated
A: tiny, see invisible, spit poison 1, AC +1
a: Spit Poison, End Transformation


You were on level 2 of the Dungeon.
You were a venomous arachnid creature.
You visited 1 branch of the dungeon, and saw 2 of its levels.

You collected 40 gold pieces.

Inventory:

Armour
 a - a +0 robe (melded)
Jewellery
 f - an uncursed ring of resist corrosion {unknown}
Scrolls
 b - a scroll of remove curse {unknown}
Potions
 c - a potion of stabbing
 e - a potion of might {unknown}


   Skills:
 - Level 1.0 Fighting
 - Level 1.5 Dodging
 + Level 3.9 Unarmed Combat
 - Level 2.0 Spellcasting
 + Level 3.2 Transmutations


You had 2 spell levels left.
You knew the following spells:

 Your Spells              Type           Power        Failure   Level
a - Beastly Appendage     Tmut           #.....       19%         1
b - Spider Form           Tmut/Pois      #.........   58%         3

Your spell library contained the following spells:

 Spells                   Type           Power        Failure   Level
 Wereblood                Tmut           #.......     26%         2
 Ice Form                 Ice/Tmut       #.......     91%         4
 Blade Hands              Tmut           #.........   96%         5


Dungeon Overview and Level Annotations

Branches:
Dungeon (2/15)

Altars:


Innate Abilities, Weirdness & Mutations

You cannot wear boots.
((Your serpentine skin is tough. (AC +1)))
You have supernaturally acute eyesight. (SInv)
((Armour fits poorly on your strangely shaped body.))
((Your system is resistant to poisons. (rPois)))
((You cover ground very slowly.))
You can spit poison.


Message History

You are very lightly contaminated with residual magic.
Nothing appears to happen.
The centaur barely misses you.
Casting: Spider Form (extremely dangerous; 36% risk of failure)
Confirm with . or Enter, or press ? or * to list all spells.
The spell is extremely dangerous to cast (36% risk of failure)!
Continue anyway? [Y]es or [N]o only, please.
The spell is extremely dangerous to cast (36% risk of failure)!
Continue anyway? [Y]es or [N]o only, please.
The spell is extremely dangerous to cast (36% risk of failure)!
Continue anyway?
You turn into a venomous arachnid creature.
Your +0 robe melds into your body.
The centaur hits you. x2
A centaur is nearby!
You hit the centaur.
The centaur is poisoned.
The centaur is moderately wounded.
The centaur hits you!
* * * LOW HITPOINT WARNING * * *
You hit the centaur.
The centaur looks as sick as possible!
The centaur is moderately wounded.
The centaur misses you. The centaur hits you.
You die...

### .. #. ######
####.##########.....##
+............((.......
#......#####(.....#
#......# #(##+###
#).....# #s# #......#
#c# #......# #.#
#......# #.# #....†.#
#.# #......# #.#
####(### #.# #(.# #.#
##.##


You could see a centaur (extremely poisoned).

Vanquished Creatures
  An adder (D:2)
  3 dart slugs
  2 leopard geckos
  A giant cockroach (D:1)
  3 hobgoblins
  4 jackals (D:1)
  3 kobolds
  2 quokkas (D:2)
  4 ball pythons
  5 bats
  3 frilled lizards
  3 goblins (D:1)
  5 rats
39 creatures vanquished.

Notes
Turn   | Place    | Note
-------+----------+-------------------------------------------
     0 | D:1      | kae the Naga Transmuter began the quest for the Orb.
     0 | D:1      | Reached XP level 1. HP: 18/18 MP: 3/3
   426 | D:1      | Reached XP level 2. HP: 16/25 MP: 3/5
  1358 | D:1      | Reached XP level 3. HP: 24/31 MP: 4/6
  1907 | D:2      | Learned a level 3 spell: Spider Form
  2261 | D:2      | Noticed a centaur
  2271 | D:2      | Slain by a centaur

Illustrated notes

Levels and vault maps discovered:
D:1:      lightli_arrival_flooded_house, layout_basic
D:2:      layout_basic, minmay_snake_closets, uniq_jessica

Skill      XL: |  1  2  3 |
---------------+----------+-----
Transmutations | 3 |  3.2
Fighting       | |  1.0
Dodging        | |  1.5
Unarmed Combat | |  3.9
Spellcasting   | |  2.0

Action                   || total
-------------------------++-------
Melee: Unarmed           ||   120
       Headbutt          ||     6
       Punch             ||     2
 Cast: Beastly Appendage ||    19
       Spider Form       ||     3
 Abil: Spit Poison       ||     8
  Use: Scroll            ||     4
       Potion            ||     3
Armor: Robe              ||    19
Dodge: Dodged            ||    95

Table legend: (Time is in decaauts)
 A = Elapsed time spent in this place.
 B = Non-inter-level travel time spent in this place.
 C = Inter-level travel time spent in this place.
 D = Time resting spent in this place.
 E = Time spent auto-exploring this place.
 F = Levels seen in this place.
 G = Mean time per level.
                   A        B        C        D        E       F      G
               +--------+--------+--------+--------+--------+-----+--------+
         Total |   2564 |   2544 |     20 |    113 |   2112 |   2 | 1282.0 |
       Dungeon |   2564 |   2544 |     20 |    113 |   2112 |   2 | 1282.0 |
               +--------+--------+--------+--------+--------+-----+--------+

Top non-repeatable levels by time:
     D:1: 2060 daAuts
     D:2: 503 daAuts
